 Dungeon Crawl Stone Soup version 0.21-a0-624-g16f8e2c (webtiles) character file.

77 TheGoonsmith the Digger (level 4, -2/24 HPs)
             Began as a Gargoyle Earth Elementalist on Dec 23, 2017.
             Slain by Robby's ghost (12 damage)
             ... on level 3 of the Dungeon.
             The game lasted 00:02:55 (1730 turns).

TheGoonsmith the Digger (GrEE)                      Turns: 1730, Time: 00:02:55

Health: -2/24      AC:  6    Str: 12    XL:     4   Next: 34%
Magic:  4/8        EV: 12    Int: 16    God:
Gold:   96         SH:  0    Dex: 10    Spells: 8/9 levels left

rFire    . . .     SeeInvis .   i - +1 dagger (venom)
rCold    . . .     Gourm    .   (no shield)
rNeg     + . .     Faith    .   c - +0 robe
rPois    ∞         Spirit   .   l - +0 helmet
rElec    +         Reflect  .   (no cloak)
rCorr    .         Harm     .   (no gloves)
MR       .....                  (no boots)
Stlth    ++........             (no amulet)
HPRegen  0.08/turn              (no ring)
MPRegen  0.11/turn              (no ring)

@: no status effects
A: negative energy resistance 1, electricity resistance, unbreathing,
petrification resistance, rot immunity, AC +3
a: no special abilities


You were on level 3 of the Dungeon.
You were not hungry.

You visited 1 branch of the dungeon, and saw 3 of its levels.

You collected 96 gold pieces.

Inventory:

Hand Weapons
 a - a +0 dagger
 i - a +1 dagger of venom (weapon)
Missiles
 b - 29 stones (quivered)
Armour
 c - a +0 robe (worn)
 l - a +0 helmet (worn)
Jewellery
 g - an uncursed ring of poison resistance {unknown}
Scrolls
 h - 3 scrolls of identify {unknown}
 j - a scroll of teleportation {unknown}
 o - a scroll of fear {unknown}
 p - a scroll of amnesia {unknown}
Potions
 f - a potion of mutation {unknown}
 k - a potion of resistance {unknown}
 m - a potion of berserk rage {unknown}
 n - a potion of brilliance {unknown}
Books
 e - a book of Geomancy

   Spells                             Type                      Level
   a - Sandblast                      Earth                        1
   b - Passwall                       Transmutation/Earth          2
   c - Stone Arrow                    Conjuration/Earth            3
   d - Petrify                        Transmutation/Earth          4
   e - Lee's Rapid Deconstruction     Earth                        5
Comestibles
 d - 3 rations
 q - 2 chunks of flesh


   Skills:
 - Level 1.5 Dodging
 - Level 2.1 Stealth
 + Level 3.2 Spellcasting
   Level 0.7 Transmutations
 + Level 5.0 Earth Magic


You had 8 spell levels left.
You knew the following spells:

 Your Spells              Type           Power        Failure   Level  Hunger
a - Sandblast             Erth           ###...       2%          1    None


Dungeon Overview and Level Annotations

Branches:
Dungeon (3/15)

Altars:

Annotations:
D:3 Robby's ghost, amateur MiBe


Innate Abilities, Weirdness & Mutations

You are resistant to torment.
Your stone body is resilient. (AC +3)
You are immune to poison.
You resist negative energy. (rN+)
You are resistant to electric shocks. (rElec)
You can survive without breathing.
You are immune to petrification.
You are immune to rotting.


Message History

Confirm with . or Enter, or press ? or * to list all spells.
Aiming: Sandblast
Press: ? - help, Shift-Dir - straight line, f/p - Robby's ghost
Aim: Robby's ghost (heavily damaged)
The blast of sand hits Robby's ghost.
Robby's ghost is heavily damaged.
b - 30 stones Robby's ghost hits you.
A worker ant comes into view.
Casting: Sandblast
Confirm with . or Enter, or press ? or * to list all spells.
Aiming: Sandblast
Press: ? - help, Shift-Dir - straight line, f/p - Robby's ghost
Aim: Robby's ghost (heavily damaged)
The blast of sand hits Robby's ghost.
Robby's ghost is severely damaged.
b - 29 stones Robby's ghost hits you!
Ouch! That really hurt!
You die...

........
####....... .## #
..##..... .. # #.
#.##.... .##.#
##.##>##.#.#
...............#.#
.. ...
#.?.>...##.####
###.#
#......@S......
....#
##.######W......
...## # #...#
....... ##.##.#
#...# )......
......# #...#
....... ...####
#...# ....a(.
..).## #)..#
....... .....#
#...# .....(.
.....####...####


You could see a worker ant, Robby's ghost and an adder.

Vanquished Creatures
  An adder (D:2)
  2 oozes
  2 worms
  A dart slug (D:1)
  2 leopard geckos
  8 goblins (D:1)
  4 hobgoblins
  6 jackals (D:2)
  A ball python (D:1)
  2 bats
  2 frilled lizards
  10 kobolds
  8 rats
49 creatures vanquished.

Notes
Turn   | Place    | Note
-------+----------+-------------------------------------------
     0 | D:1      | TheGoonsmith the Gargoyle Earth Elementalist began the quest for the Orb.
     0 | D:1      | Reached XP level 1. HP: 10/10 MP: 3/3
    50 | D:1      | Reached skill level 4 in Earth Magic
    50 | D:1      | Reached XP level 2. HP: 15/15 MP: 0/5
   454 | D:1      | Reached XP level 3. HP: 10/19 MP: 1/6
  1143 | D:2      | Reached XP level 4. HP: 19/24 MP: 8/8
  1509 | D:2      | Found a faded altar of an unknown god.
  1715 | D:3      | Reached skill level 5 in Earth Magic
  1724 | D:3      | Noticed Robby's ghost (amateur MiBe)
  1730 | D:3      | Slain by Robby's ghost

Vault maps used:
D:1:      minmay_arrival_doors
D:2:      chequers_ecumenical_altar_island, nrook_loot_triangle,
          item_on_display_a
D:3:      vehumet_crystals, minmay_door_square

Skill      XL: |  1  2  3  4 |
---------------+-------------+-----
Earth Magic    | 4 5 |  5.0
Spellcasting   | 3 |  3.2
Dodging        | |  1.5
Stealth        | |  2.1
Transmutations | |  0.7

Action                   |  1- 3 |  4- 6 || total
-------------------------+-------+-------++-------
Melee: Unarmed           |     4 |       ||     4
       Dagger            |   101 |    60 ||   161
 Cast: Sandblast         |     9 |     4 ||    13
 Stab: Sleeping          |     6 |     1 ||     7
  Eat: Chunk             |     1 |     2 ||     3
Armor: Robe              |    50 |    19 ||    69
Dodge: Dodged            |    61 |    33 ||    94

Table legend:
 A = Spawn XP
 B = Non-spawn XP
 C = Spawn XP percentage of total XP
 D = Spawn monster count
 E = Non-spawn monster count
 F = Spawn count percentage of total count
 G = Total turns spent on level
                    A         B        C        D         E        F      G
               +---------+---------+-------+---------+---------+-------+---------
         Total |       0 |     111 |   0.0 |       0 |      49 |   0.0 |  1730
               +---------+---------+-------+---------+---------+-------+---------
           D:1 |       0 |      52 |   0.0 |       0 |      28 |   0.0 |   920
           D:2 |       0 |      47 |   0.0 |       0 |      15 |   0.0 |   756
           D:3 |       0 |      12 |   0.0 |       0 |       6 |   0.0 |    54
               +---------+---------+-------+---------+---------+-------+---------
